 Dungeon Crawl Stone Soup version 0.23-a0-650-ga4d50d4 (webtiles) character file.

16 Lanoc the Slasher (level 2, 0/40 HPs)
             Began as a Minotaur Monk on Jan 5, 2019.
             Slain by an adder (2 damage)
             ... on level 2 of the Dungeon.
             The game lasted 00:00:43 (218 turns).

Lanoc the Slasher (Minotaur Monk)                    Turns: 218, Time: 00:00:44

Health: 0/40       AC: 21    Str: 15    XL:     2   Next: 37%
Magic:  1/1        EV:  2    Int:  7    God:
Gold:   10         SH:  0    Dex: 12    Spells: 1/1 levels left

rFire    . . .     SeeInvis .   a - +0 falchion
rCold    . . .     Gourm    .   (no shield)
rNeg     + + +     Faith    .   (armour currently unavailable)
rPois    +         Spirit   .   (helmet currently unavailable)
rElec    .         Reflect  .   (cloak currently unavailable)
rCorr    .         Harm     .   (gloves currently unavailable)
MR       .....     NoTele   +   (boots currently unavailable)
Stlth    ++........             (no amulet)
HPRegen  0.13/turn              (no ring)
MPRegen  0.07/turn              (no ring)

@: lethally poisoned (0 -> -2), tree-form
A: (retaliatory headbutt)
a: no special abilities


You were on level 2 of the Dungeon.
You were not hungry.
You were a tree.
You visited 1 branch of the dungeon, and saw 2 of its levels.

You collected 10 gold pieces.

Inventory:

Hand Weapons
 a - a +0 falchion (weapon)
Armour
 b - a +0 robe (melded)
Scrolls
 d - 3 scrolls of identify {unknown}
 f - 2 scrolls of magic mapping {unknown}
 g - a scroll of remove curse {unknown}
Comestibles
 c - a ration


   Skills:
 + Level 3.8 Fighting
 * Level 4.1 Long Blades
 + Level 0.9 Armour
 + Level 3.4 Dodging
 - Level 1.5 Stealth


You had one spell level left.
You didn't know any spells.
Your spell library was empty.

Dungeon Overview and Level Annotations

Branches:
Dungeon (2/15)

Altars:


Innate Abilities, Weirdness & Mutations

((You reflexively headbutt those who attack you in melee.))
((You have a pair of horns on your head.))


Message History

* * * LOW HITPOINT WARNING * * *
You are lethally poisoned!
The adder poisons you! The adder bites you.
* * * LOW HITPOINT WARNING * * *
It was a potion of lignification.
You turn into a tree.
Your +0 robe melds into your body.
Your roots penetrate the ground.
You feel sick. The adder bites you.
* * * LOW HITPOINT WARNING * * *
You closely miss the adder.
The adder is moderately wounded.
* * * LOW HITPOINT WARNING * * *
You feel sick. The adder bites you but does no damage.
You barely miss the adder.
The adder is moderately wounded.
The adder bites you but does no damage. x2
You hit the adder.
The adder is almost dead.
* * * LOW HITPOINT WARNING * * *
You feel sick. The adder bites you.
You die...

#. #......... #.##
#.........
#.#.<###..†!.....
#................
..............##....
....................
##.####.......##)#..
# #....S..# #
#....♣..# ##......#
#..[...# #........
.....###... #.###+
..... ... ..... .#
....


You could see an adder.

Vanquished Creatures
  An adder (D:2)
  A giant cockroach (D:1)
  3 bats (D:1)
  3 frilled lizards
  A kobold (D:1)
9 creatures vanquished.

Notes
Turn   | Place    | Note
-------+----------+-------------------------------------------
     0 | D:1      | Lanoc the Minotaur Monk began the quest for the Orb.
     0 | D:1      | Reached XP level 1. HP: 19/19 MP: 0/0
   204 | D:2      | Reached skill level 4 in Long Blades
   204 | D:2      | Reached XP level 2. HP: 9/27 MP: 1/1
   218 | D:2      | HP: 2/40 [poisoned by an adder]
   218 | D:2      | Slain by an adder

Vault maps used:
D:1:      shiori_arrival_oz

Skill      XL: |  1 |
---------------+----+-----
Long Blades    | 4 |  4.1
Fighting       | |  3.8
Armour         | |  0.9
Dodging        | |  3.4
Stealth        | |  1.5

Action                   || total
-------------------------++-------
Melee: Falchion          ||    22
       Headbutt          ||     3
  Use: Potion            ||     1
 Stab: Sleeping          ||     1
Armor: Robe              ||     5
       Skin              ||     3
Dodge: Dodged            ||    17
       Rpst.: Falchion   ||     6

Table legend:
 A = Non-vault XP
 B = Vault XP
 C = Vault XP percentage of total XP
 D = Non-vault monster count
 E = Vault monster count
 F = Vault count percentage of total count
                 A         B        C        D         E       F
            +---------+---------+-------+---------+---------+-------
      Total |      22 |       1 |   4.3 |       8 |       1 |  11.1
            +---------+---------+-------+---------+---------+-------
        D:1 |       8 |       1 |  11.1 |       6 |       1 |  14.3
        D:2 |      14 |       0 |   0.0 |       2 |       0 |   0.0
            +---------+---------+-------+---------+---------+-------
